 Dungeon Crawl Stone Soup version 0.28-a0-802-g09f76e8c00 (webtiles) character file.

Game seed: 4210274020796554692

59330 ragingrage the Brawler (level 14, -1/98 (111) HPs)
             Began as a Demonspawn Chaos Knight on Nov 6, 2021.
             Was a Plaything of Xom.
             Slain by a spark wasp (4 damage)
             ... on level 11 of the Dungeon.
             The game lasted 00:36:43 (17127 turns).

ragingrage the Brawler (Demonspawn Chaos Knight)   Turns: 17127, Time: 00:36:43

HP:   -1/98 (111)   AC:  9    Str: 17      XL:     14   Next: 52%
MP:   0/14          EV: 17    Int: 12 (13) God:    Xom [......]
Gold: 850           SH:  0    Dex: 17 (18) Spells: 13/13 levels left

rFire   + . .      SeeInvis .     - Unarmed
rCold   + + .      Faith    +   (no shield)
rNeg    . . .      Spirit   +   k - +1 troll leather armour {Pargi}
rPois   +          Reflect  .   C - +0 hat {Stlth+}
rElec   +          Harm     .   G - +2 cloak {Stlth+}
rCorr   +          Rampage  .   S - +1 pair of gloves
Will    +++..                   (no boots)
Stlth   ++++......              s - amulet of faith
HPRegen 2.26/turn               J - ring of willpower
MPRegen 0.28/turn               V - ring of Neross {rF+ rC+ rCorr Dex+4}

@: heavily drained
A: hooves 2, repulsion field 1, spiny 2, magic shield, magic regeneration,
camouflage 1, cold resistance 1, deformed body, strong-willed 1, poison
resistance, regeneration 1, electricity resistance, no potion heal 1
a: Renounce Religion


You were on level 11 of the Dungeon.
You worshipped Xom.
You were a very special plaything of Xom.
You visited 2 branches of the dungeon, and saw 17 of its levels.
You also visited: Sewer and Volcano.

You collected 1442 gold pieces.
You spent 592 gold pieces at shops.

Inventory:

Hand Weapons
 p - the +5 dagger "Qiavyfi" {vorpal, rElec Will- rCorr SInv}
   (You found it on level 5 of the Dungeon)

   It inflicts extra damage upon your enemies.
   rElec:     It insulates you from electricity.
   SInv:      It lets you see invisible.
   rCorr:     It protects you from acid and corrosion.
   Will:      It decreases your willpower.
 N - a +2 shortbow of venom
Missiles
 g - 120 poisoned darts (quivered)
 v - 2 throwing nets
 F - 3 curare-tipped darts
 P - 2 datura-tipped darts
 R - 2 silver javelins
 T - 4 silver boomerangs
Armour
 k - a +1 troll leather armour (worn) {Pargi}
 C - a +0 hat of stealth (worn)
 G - a +2 cloak of stealth (worn)
 M - a +2 ring mail of fire resistance
 S - a +1 pair of gloves (worn)
Jewellery
 c - a ring of fire
 r - a ring of protection from cold
 s - an amulet of faith (around neck)
 y - a ring of resist corrosion
 z - an amulet of the acrobat
 I - a ring of willpower
 J - a ring of willpower (left hand)
 V - the ring of Neross (right hand) {rF+ rC+ rCorr Dex+4}
   (You bought it in a shop on level 9 of the Dungeon)

   [ring of resist corrosion]

   Dex:       It affects your dexterity (+4).
   rF:        It protects you from fire.
   rC:        It protects you from cold.
   rCorr:     It protects you from acid and corrosion.
Wands
 d - a wand of digging (5)
 h - a wand of paralysis (7)
 x - a wand of polymorph (12)
 L - a wand of iceblast (3)
 O - a wand of acid (3)
Scrolls
 a - 9 scrolls of teleportation
 j - 3 scrolls of identify
 q - 4 scrolls of vulnerability
 t - 5 scrolls of magic mapping
 u - 4 scrolls of fog
 A - 2 scrolls of torment
 H - 2 scrolls of noise
Potions
 b - 5 potions of haste
 e - a potion of heal wounds
 f - 2 potions of flight
 i - 7 potions of mutation
 l - a potion of invisibility {unknown}
 m - a potion of magic {unknown}
 n - 2 potions of might
 o - 7 potions of curing
 w - 2 potions of attraction
 B - 4 potions of brilliance
 D - 6 potions of ambrosia
 E - a potion of berserk rage {unknown}
Miscellaneous
 K - a tin of tremorstones (2/2)
 Q - a condenser vane
 U - a phial of floods


   Skills:
 + Level 10.3 Fighting
 - Level 5.0 Armour
 - Level 7.0 Dodging
 + Level 18.7 Unarmed Combat
 - Level 9.0 Evocations


You had 13 spell levels left.
You didn't know any spells.
Your spell library contained the following spells:

 Spells                   Type           Power      Damage    Failure   Level
 Animate Skeleton         Necr           0%         N/A       36%         1
 Pain                     Necr           0%         1d4       36%         1
 Static Discharge         Conj/Air       0%         N/A       52%         2
 Gell's Gravitas          Tloc           0%         N/A       75%         3
 Lesser Beckoning         Tloc           0%         N/A       75%         3
 Teleport Other           Tloc           0%         N/A       75%         3
 Vampiric Draining        Necr           0%         2d6       75%         3
 Dispel Undead            Necr           0%         3d6       98%         4
 Sticky Flame             Conj/Fire      0%         2d3       98%         4
 Agony                    Necr           0%         N/A       100%        5
 Excruciating Wounds      Necr           0%         N/A       100%        5


Dungeon Overview and Level Annotations

Branches:
Dungeon (11/15)            Temple (0/1) D:4            Lair (6/6) D:9
  Snake (0/4) Lair:4        Slime (0/5) Lair:5          Orc (0/2) D:10
  Sewer (visited)         Volcano (visited)
  Swamp: Lair:2-4    Shoals: Lair:2-4

Altars:
Ashenzari
Dithmenos
Elyvilon
Fedhas
Gozag
Hepliaklqana
Kikubaaqudgha
Makhleb
Uskayaw
Vehumet
Wu Jian
Xom
Zin
Jiyva

Shops:
D:9 =   D:11 (

Annotations:
D:1 exclusion: downstairs


Innate Abilities, Weirdness & Mutations

You have hoof-like feet.
You are surrounded by a mild repulsion field. (EV +2)
You are mostly covered in sharp spines.
When hurt, damage is shared between your health and your magic reserves.
You regenerate magic rapidly.
Your skin changes colour to match your surroundings (Stealth+).
Your flesh is cold resistant. (rC+)
Armour fits poorly on your strangely shaped body.
You are strong-willed. (Will+)
Your system is resistant to poisons. (rPois)
Your natural rate of healing is unusually fast.
You are resistant to electric shocks. (rElec)
Potions are less effective at restoring your health.


Message History

The spark wasp is severely wounded.
The spark wasp bursts into living lightning!
The living lightning misses you.
The spark wasp blinks!
You swing at nothing.
You swing at nothing.
The spark wasp bursts into living lightning!
The living lightning hits you! You resist.
The spark wasp blinks! x2
Unknown command.
You completely miss the spark wasp.
You kick the spark wasp, but do no damage.
The spark wasp is severely wounded.
The spark wasp stings you!
* * * LOW HITPOINT WARNING * * *
The spark wasp shocks you. You resist.
* * * LOW HITPOINT WARNING * * *
You miss the spark wasp. You kick the spark wasp.
The spark wasp is severely wounded.
The spark wasp misses you.
You punch the spark wasp! Your kick misses the spark wasp.
The spark wasp is almost dead.
The spark wasp stings you.
* * * LOW HITPOINT WARNING * * *
The spark wasp shocks you. You resist.
* * * LOW HITPOINT WARNING * * *
You closely miss the spark wasp.
The spark wasp is almost dead.
The spark wasp is struck by your spines.
The spark wasp stings you!
* * * LOW HITPOINT WARNING * * *
The spark wasp shocks you. You resist.
* * * LOW HITPOINT WARNING * * *
You closely miss the spark wasp.
The cyan ugly thing gurgles horribly!
Your kick misses the spark wasp.
The spark wasp is almost dead.
The spark wasp stings you.
* * * LOW HITPOINT WARNING * * *
The spark wasp shocks you. You resist.
You die...
Xom howls with laughter!

############
########..........#
####........########.#
###### #....##########
#....# ..######.......
#....# ######...# #....#
####...#.# ##....#
#....###.###
###########(....# ..####
#...# #.@.............#
###
##...####y#######u##....#
##.....#...# #.##....#
#.......∩### #.##....# ##
#..<.....# ##.##....#
.#####.......##
##..#########
............## #..## ##.#
#####........# #.## #..#
#........# ##.# ######..#


You could see a cyan ugly thing and a spark wasp.

Vanquished Creatures
  A red draconian (Volcano)
  Josephine (Lair:6)
  2 boulder beetles
  Harold (D:7)
  Erica (Lair:1)
  A centaur warrior (Volcano)
  5 hydras
  A catoblepas (Lair:4)
  2 two-headed ogres (D:10)
  10 death yaks
  A goliath frog (Lair:6)
  3 elephants (Lair:6)
  3 black mambas
  A torpor snail (D:8)
  20 cane toads
  9 rime drakes
  4 komodo dragons
  4 kobold demonologists
  A yaktaur (Volcano)
  A queen bee (Lair:3)
  A wind drake (Lair:4)
  A troll (D:10)
  5 polar bears
  A hornet (D:9)
  3 tyrant leeches
  36 blink frogs
  A meliai zombie (D:11)
  9 dream sheep (Lair:6)
  3 shadows
  Sigmund (D:2)
  16 kobold brigands
  12 wyverns
  5 wraiths
  12 basilisks
  A fire bat (Lair:6)
  29 yaks
  A steam dragon (D:9)
  5 vampire mosquitoes
  2 swamp worms
  A naga (Lair:4)
  Edmund (D:6)
  11 water moccasins
  3 ice beasts
  2 orc warriors
  3 black bears
  Pargi (Sewer)
  2 sky beasts (D:7)
  12 centaurs
  A phantom (D:4)
  3 scorpions
  20 bullfrogs
  A wyvern skeleton (D:6)
  4 wights (D:10)
  33 killer bees
  An electric eel (Lair:6)
  3 centaur zombies
  A crimson imp (D:9)
  3 howler monkeys
  A centaur skeleton (D:4)
  A jelly (D:7)
  6 orc priests
  A gnoll shaman (D:6)
  4 hounds
  A bullfrog skeleton (D:5)
  2 iguanas
  A scorpion zombie (D:5)
  Ijyb (D:3)
  3 orc wizards
  3 hell rats (Lair:5)
  A killer bee zombie (D:7)
  2 howler monkey zombies
  Robin (D:4)
  5 gnolls (D:6)
  A river rat (D:5)
  6 adders
  2 white imps (D:7)
  An adder skeleton (D:4)
  2 worms
  3 dart slugs
  25 orcs
  A bat (D:1)
  5 endoplasms
  12 giant cockroaches
  8 hobgoblins
  7 jackals
  8 quokkas
  5 ball pythons
  12 frilled lizards
  24 goblins
  23 kobolds
  18 rats
518 creatures vanquished.

Vanquished Creatures (collateral kills)
  Gastronok (D:8)
  A cane toad (Lair:1)
  A komodo dragon (Lair:1)
  A kobold brigand (D:11)
  A jelly (D:8)
  An orc priest (D:8)
  A shadow imp (D:8)
  An orc (D:8)
  2 kobolds
10 creatures vanquished.

Vanquished Creatures (others)
  A cane toad (Lair:4)
  A centaur (D:8)
  4 bushes
  38 fungi
  83 plants
127 creatures vanquished.

Grand Total: 655 creatures vanquished

Notes
Turn   | Place    | Note
-------+----------+-------------------------------------------
     0 | D:1      | ragingrage the Demonspawn Chaos Knight began the quest for
                  | the Orb.
     0 | D:1      | Reached XP level 1. HP: 18/18 MP: 1/1
   159 | D:1      | XOM: silly message
   365 | D:1      | XOM: 2-stop teleportation journey
   368 | D:1      | Reached skill level 3 in Unarmed Combat
   459 | D:1      | Gained mutation: You have large cloven feet. [demonic
                  | ancestry]
   459 | D:1      | Reached XP level 2. HP: 17/24 MP: 2/2
   540 | D:1      | XOM: 1-stop teleportation journey
   968 | D:1      | Reached XP level 3. HP: 23/29 MP: 3/3
  1081 | D:1      | Found a faded altar of an unknown god.
  1143 | D:1      | Reached skill level 4 in Unarmed Combat
  1148 | D:1      | XOM is BORED!
  1148 | D:1      | XOM: summons 2 hostile demons
  1836 | D:2      | Noticed Sigmund
  1845 | D:2      | XOM: divination: detect items
  2047 | D:2      | XOM: cleaving
  2055 | D:2      | Gained mutation: You are partially covered in sharp spines.
                  | [demonic ancestry]
  2055 | D:2      | Reached XP level 4. HP: 11/35 MP: 4/4
  2227 | D:3      | XOM: stat loss: -1 Int (12/13)
  2306 | D:3      | Found an ancient bone altar of Kikubaaqudgha.
  2399 | D:3      | Found a broken altar of Ashenzari.
  2616 | D:3      | Found a hide-covered altar of Uskayaw.
  2624 | D:3      | Noticed a +0 hand axe
  2624 | D:3      | Noticed a +0 dagger
  2892 | D:3      | Reached skill level 5 in Unarmed Combat
  2897 | D:3      | Noticed Ijyb
  2908 | D:3      | XOM: smoke on damage
  2918 | D:3      | Killed Ijyb
  2919 | D:3      | Gained mutation: You regenerate magic rapidly. [demonic
                  | ancestry]
  2919 | D:3      | Reached XP level 5. HP: 12/41 MP: 5/5
  3244 | D:3      | XOM: give mutations
  3244 | D:3      | Gained mutation: You are agile. (Dex +2) [Xom's grace]
  3244 | D:3      | Gained mutation: Your system is resistant to poisons.
                  | (rPois) [Xom's grace]
  3244 | D:3      | Gained mutation: You have a pair of small horns on your
                  | head. [Xom's grace]
  3244 | D:3      | Gained mutation: Your skin changes colour to match your
                  | surroundings (Stealth+). [Xom's grace]
  3434 | D:4      | XOM: potion effect (haste)
  3595 | D:4      | Reached skill level 6 in Unarmed Combat
  3618 | D:4      | Found a hazy altar of Hepliaklqana.
  3635 | D:4      | XOM: scenery: 1 doors open, 1 doors close
  3647 | D:4      | Found a staircase to the Ecumenical Temple.
  3654 | D:4      | Noticed Robin
  3668 | D:4      | Noticed a black bear
  3672 | D:4      | Killed Robin
  3673 | D:4      | Gained mutation: You have hoof-like feet. [demonic
                  | ancestry]
  3673 | D:4      | Reached XP level 6. HP: 38/47 MP: 6/6
  3679 | D:4      | XOM: potion effect (might)
  3680 | D:4      | XOM: potion effect (brilliance)
  3712 | D:5      | Entered Level 5 of the Dungeon
  3734 | D:5      | XOM: silly message
  3833 | D:5      | XOM: silly message
  3977 | D:5      | Found a blossoming altar of Fedhas.
  4024 | D:5      | Found a glowing drain.
  4034 | Sewer    | XOM: noise
  4034 | Sewer    | Entered a sewer
  4042 | Sewer    | Reached skill level 7 in Unarmed Combat
  4043 | Sewer    | Noticed Pargi
  4044 | Sewer    | XOM: potion effect (haste)
  4051 | Sewer    | XOM: divination: detect items
  4057 | Sewer    | XOM: noise
  4064 | Sewer    | Killed Pargi
  4065 | Sewer    | Reached XP level 7. HP: 40/52 MP: 7/7
  4384 | D:5      | XOM: divination: magic mapping
  4418 | D:5      | Identified the +5 dagger "Qiavyfi" {vorpal, rElec Will-
                  | rCorr SInv}
  4432 | D:5      | XOM: 1-stop teleportation journey
  4454 | D:5      | XOM: give mutations
  4454 | D:5      | Gained mutation: You sometimes lose the ability to read
                  | scrolls when taking damage. [Xom's mischief]
  4454 | D:5      | Lost mutation: You sometimes lose the ability to read
                  | scrolls when taking damage. [Xom's mischief]
  4515 | D:5      | XOM: noise
  4747 | D:4      | Reached skill level 8 in Unarmed Combat
  4917 | D:4      | XOM: god gift: wand of iceblast (8)
  5116 | D:4      | Found a shimmering altar of Xom.
  5382 | D:6      | Noticed a vampire
  5434 | D:6      | XOM: 1-stop teleportation journey
  5450 | D:6      | XOM: stat loss: -1 Int (12/13)
  5454 | D:6      | Gained mutation: When hurt, damage is shared between your
                  | health and your magic reserves. [demonic ancestry]
  5454 | D:6      | Reached XP level 8. HP: 28/58 MP: 8/8
  5482 | D:6      | Reached skill level 9 in Unarmed Combat
  5567 | D:6      | Noticed Edmund
  5589 | D:6      | Killed Edmund
  5736 | D:6      | Reached skill level 10 in Unarmed Combat
  5865 | D:6      | XOM: summons 5 hostile demons
  5875 | D:6      | Found a shadowy altar of Dithmenos.
  6063 | D:6      | XOM: enchant monster (good)
  6511 | D:7      | Reached skill level 11 in Unarmed Combat
  6564 | D:7      | Noticed Harold
  6682 | D:7      | XOM: cast spell 'Shadow Creatures'
  6689 | D:7      | Reached XP level 9. HP: 56/63 MP: 7/9
  6716 | D:7      | XOM: enchant monster (good)
  6831 | D:7      | XOM: stat loss: -1 Int (12/13)
  6846 | D:8      | XOM: summons friendly ufetubus
  6901 | D:7      | XOM: silly message
  6904 | D:8      | XOM: confuse monster(s)
  6920 | D:8      | XOM: noise
  6950 | D:8      | XOM: summons friendly ufetubus
  6970 | D:8      | XOM: cast spell 'Discord'
  6979 | D:8      | Reached skill level 12 in Unarmed Combat
  6980 | D:8      | Killed Gastronok
  6981 | D:8      | Reached skill level 13 in Unarmed Combat
  6983 | D:8      | XOM: fog
  6999 | D:8      | XOM: give mutations
  6999 | D:8      | Gained mutation: You are strong-willed. (Will+) [Xom's
                  | grace]
  6999 | D:8      | Gained mutation: Your natural rate of healing is unusually
                  | fast. [Xom's grace]
  6999 | D:8      | XOM: smoke on damage
  7022 | D:8      | Noticed a two-headed ogre
  7022 | D:8      | XOM: 3-stop teleportation journey
  7046 | D:8      | Gained mutation: You are mostly covered in sharp spines.
                  | [demonic ancestry]
  7046 | D:8      | Reached XP level 10. HP: 47/70 MP: 6/10
  7046 | D:8      | XOM: divine lightning
  7049 | D:8      | XOM: scenery: 1 doors open
  7079 | D:8      | XOM: potion effect (invisibility)
  7154 | D:8      | XOM: torment (41/70 hp)
  7236 | D:8      | Noticed a torpor snail
  7236 | D:8      | a two-headed ogre changed into a torpor snail
  7236 | D:8      | XOM: polymorph two-headed ogre -> torpor snail
  7237 | D:8      | XOM: confusion
  7242 | D:8      | Killed a torpor snail
  7243 | D:8      | Reached skill level 14 in Unarmed Combat
  7288 | D:8      | XOM: polymorph water moccasin -> ice beast
  7335 | D:8      | Found an opulent altar of Gozag.
  7569 | D:9      | Found Maschyng's Jewellery Shop.
  7791 | D:9      | Reached skill level 1 in Dodging
  7908 | D:9      | Found a radiant altar of Vehumet.
  7909 | D:9      | Found a burning altar of Makhleb.
  7961 | D:9      | Found a staircase to the Lair.
  8034 | D:9      | XOM: noise
  8177 | D:9      | XOM is BORED!
  8288 | D:10     | Entered Level 10 of the Dungeon
  8293 | D:10     | XOM: potion effect (might)
  8403 | D:10     | Found an ornate altar of the Wu Jian Council.
  8444 | D:10     | XOM: divination: detect items
  8450 | D:10     | XOM: polymorph yak -> polar bear
  8455 | D:10     | XOM: fog
  8773 | D:10     | XOM: confuse monster(s)
  8778 | D:10     | Reached XP level 11. HP: 78/78 MP: 11/11
  8783 | D:10     | XOM: smoke on damage
  8884 | D:10     | Noticed a two-headed ogre
  8884 | D:10     | XOM: 1-stop teleportation journey
  8885 | D:10     | XOM: cleaving
  8894 | D:10     | Killed a two-headed ogre
  8989 | D:10     | Noticed a two-headed ogre
  8996 | D:10     | XOM: chaos cloud
  9000 | D:10     | Killed a two-headed ogre
  9001 | D:10     | Reached skill level 5 in Fighting
  9080 | D:10     | XOM: give mutation
  9080 | D:10     | Gained mutation: Armour fits poorly on your strangely
                  | shaped body. [Xom's mischief]
  9084 | D:10     | Reached skill level 15 in Unarmed Combat
  9084 | D:10     | XOM: stat loss: -1 Str (15/16)
  9228 | D:10     | Found a staircase to the Orcish Mines.
  9455 | D:11     | XOM: swap monsters
  9493 | D:11     | XOM: 1-stop teleportation journey
  9515 | D:11     | XOM: enchant monster (good)
  9516 | D:11     | XOM: confuse monster(s)
  9527 | D:11     | XOM: potion effect (invisibility)
  9538 | D:11     | XOM: summons friendly shadow imp
  9578 | D:11     | Found Susaeph's Weapon Boutique.
  9581 | D:11     | XOM: polymorph shadow imp -> quasit
  9638 | D:11     | Noticed a boulder beetle
  9642 | D:11     | XOM: summons 2 friendly demons
  9647 | D:11     | XOM: polymorph quasit -> white imp
  9648 | D:11     | Noticed a cyan ugly thing
  9648 | D:11     | Noticed a two-headed ogre
  9648 | D:11     | XOM: 9-stop teleportation journey
  9652 | D:11     | XOM: silly message
  9661 | D:11     | XOM: divination: detect creatures
  9675 | D:11     | XOM: enchant monster (bad)
  9679 | D:11     | XOM: confuse monster(s)
  9693 | D:10     | XOM: give mutations
  9693 | D:10     | Gained mutation: You are resistant to electric shocks.
                  | (rElec) [Xom's grace]
  9693 | D:10     | Gained mutation: You are highly strong-willed. (Will++)
                  | [Xom's grace]
  9693 | D:10     | Gained mutation: Your flesh is cold resistant. (rC+) [Xom's
                  | grace]
  9800 | D:7      | XOM: cloud trail
  9834 | D:7      | Killed Harold
  9835 | D:7      | Reached skill level 5 in Armour
 10078 | D:6      | XOM: summons 4 hostile shadow creatures
 10169 | D:3      | XOM: cloud trail
 10243 | D:3      | XOM: god gift: ring of willpower
 10295 | D:2      | Killed Sigmund
 10476 | D:2      | XOM: cloud trail
 10521 | D:3      | XOM: divination: magic mapping
 10627 | Lair:1   | Entered Level 1 of the Lair of Beasts
 10700 | Lair:1   | Noticed Erica
 10706 | Lair:1   | XOM: cast spell 'Summon Dragon'
 10713 | Lair:1   | Killed Erica
 10714 | Lair:1   | Reached skill level 5 in Dodging
 11101 | Lair:1   | XOM: divination: detect items
 11258 | Lair:1   | Reached skill level 1 in Evocations
 11259 | Lair:1   | Reached XP level 12. HP: 77/91 MP: 8/12
 11368 | Lair:1   | XOM: scenery: summon butterflies
 11407 | Lair:2   | XOM: 1-stop teleportation journey
 11420 | Lair:2   | XOM: give mutation
 11420 | Lair:2   | Gained mutation: Your flesh is very cold resistant. (rC++)
                  | [Xom's grace]
 11449 | Lair:2   | You fall into a shaft and drop 2 floors!
 11490 | Lair:4   | XOM: fog
 11494 | Lair:4   | XOM: confuse monster(s)
 11495 | Lair:4   | XOM: divine lightning
 11508 | Lair:4   | XOM: summons friendly quasit
 11516 | Lair:4   | XOM: blink monster(s)
 11517 | Lair:4   | XOM: cast spell 'Cause Fear'
 11539 | Lair:4   | XOM: enchant monster (bad)
 11546 | Lair:4   | XOM: blink monster(s)
 11566 | Lair:4   | XOM: summons 4 hostile shadow creatures
 11567 | Lair:4   | Noticed a six-headed hydra
 11604 | Lair:3   | Found a dark tunnel.
 11624 | Volcano  | Entered a volcano
 11644 | Volcano  | Noticed a centaur warrior
 11661 | Volcano  | Found a bloodstained altar of Trog.
 11662 | Volcano  | Noticed a red draconian
 11695 | Volcano  | Killed a centaur warrior
 11729 | Volcano  | XOM: silly message
 11731 | Volcano  | XOM: divination: detect creatures
 11746 | Volcano  | Killed a red draconian
 11919 | Lair:3   | Reached skill level 16 in Unarmed Combat
 11935 | Lair:3   | Noticed an eight-headed hydra
 11969 | Lair:3   | XOM: confuse monster(s)
 11993 | Lair:2   | Noticed a four-headed hydra
 11996 | Lair:2   | XOM: cast spell 'Summon Small Mammal'
 11998 | Lair:2   | XOM: divination: detect items
 12009 | Lair:2   | XOM: cast spell 'Call Canine Familiar'
 12014 | Lair:2   | XOM: divination: magic mapping
 12104 | Lair:2   | XOM: divination: detect creatures
 12113 | Lair:2   | Reached skill level 5 in Evocations
 12119 | Lair:2   | XOM: cast spell 'Summon Small Mammal'
 12131 | Lair:2   | XOM: confuse monster(s)
 12218 | Lair:2   | XOM: destruction
 12219 | Lair:2   | XOM: confuse monster(s)
 12234 | Lair:2   | Killed a four-headed hydra
 12241 | Lair:2   | XOM: cast spell 'Disjunction'
 12245 | Lair:2   | XOM: scenery: create altars
 12252 | Lair:2   | XOM: smoke on damage
 12261 | Lair:2   | XOM: confuse monster(s)
 12320 | Lair:2   | Noticed a four-headed hydra
 12320 | Lair:2   | XOM: destruction
 12330 | Lair:2   | Killed a four-headed hydra
 12547 | Lair:2   | XOM: god gift: book of Necromancy
 12588 | Lair:2   | XOM: divination: magic mapping
 12816 | Lair:3   | XOM: god gift: +2 triple crossbow of chaos
 12822 | Lair:3   | Killed an eight-headed hydra
 12823 | Lair:3   | Reached XP level 13. HP: 17/103 MP: 1/13
 12925 | Lair:3   | Reached skill level 10 in Fighting
 12927 | Lair:3   | XOM: scenery: summon butterflies
 13028 | Lair:3   | XOM: scenery: summon butterflies
 13222 | Lair:3   | XOM: silly message
 13276 | Lair:3   | XOM: god gift: smoking short sword {god gift}
 13276 | Lair:3   | Identified the +4 short sword "Arcanum" {chaos, rElec rC+
                  | Will+ Int+3} (Xom gifted it to you on level 3 of the Lair
                  | of Beasts)
 13366 | Lair:3   | XOM: god gift: scale mail {god gift}
 13444 | Lair:3   | XOM: give mutations
 13444 | Lair:3   | Gained mutation: You are dopey. (Int -2) [Xom's mischief]
 13444 | Lair:3   | Lost mutation: You are dopey. (Int -2) [Xom's mischief]
 13444 | Lair:3   | Gained mutation: You are frail. (-10% HP) [Xom's mischief]
 13444 | Lair:3   | Gained mutation: You sometimes lose the ability to read
                  | scrolls when taking damage. [Xom's mischief]
 13445 | Lair:3   | XOM: confusion (+ monsters)
 13535 | Lair:3   | XOM: 8-stop teleportation journey
 13540 | Lair:3   | XOM: torment (44/92 hp)
 13634 | Lair:4   | Found a staircase to the Snake Pit.
 13637 | Lair:4   | XOM: noise
 13661 | Lair:4   | XOM: 6-stop teleportation journey
 13736 | Lair:4   | XOM: give mutations
 13736 | Lair:4   | Lost mutation: You have a pair of small horns on your head.
                  | [Xom's mischief]
 13736 | Lair:4   | Lost mutation: You are highly strong-willed. (Will++)
                  | [Xom's mischief]
 13740 | Lair:4   | XOM: 1-stop teleportation journey
 13773 | Lair:4   | XOM: polymorph cane toad -> wind drake
 13979 | Lair:5   | Found a viscous altar of Jiyva.
 13979 | Lair:5   | Found a staircase to the Slime Pits.
 13983 | Lair:5   | XOM: confusion (+ monsters)
 13985 | Lair:5   | XOM: smoke on damage
 13989 | Lair:5   | XOM: confuse monster(s)
 14185 | Lair:5   | XOM: divination: magic mapping
 14189 | Lair:4   | XOM: silly message
 14195 | Lair:4   | Reached skill level 17 in Unarmed Combat
 14203 | Lair:5   | XOM: noise
 14319 | Lair:5   | XOM: summons 1 hostile demon
 14359 | Lair:5   | XOM: noise
 14368 | Lair:5   | XOM: scenery: 1 doors open
 14370 | Lair:5   | XOM: summons 1 hostile shadow creature
 14372 | Lair:5   | XOM: butterfly on damage
 14387 | Lair:5   | XOM: torment (33/92 hp)
 14390 | Lair:5   | XOM: blink monster(s)
 14393 | Lair:5   | XOM: summons friendly ufetubus
 14394 | Lair:5   | XOM: repel stairs
 14400 | Lair:5   | XOM: polymorph hell rat -> iron imp
 14442 | Lair:5   | XOM: confusion
 14483 | Lair:5   | XOM: enchant monster (bad)
 14657 | Lair:5   | XOM: summons 3 hostile demons
 14742 | Lair:5   | XOM: noise
 14804 | Lair:5   | XOM: silly message
 14946 | Lair:5   | XOM: summons 1 hostile shadow creature
 15232 | Lair:6   | Entered Level 6 of the Lair of Beasts
 15338 | Lair:6   | XOM: confusion
 15378 | Lair:6   | Noticed Josephine
 15379 | Lair:6   | XOM: 1-stop teleportation journey
 15386 | Lair:6   | XOM: blink monster(s)
 15387 | Lair:6   | XOM: draining
 15440 | Lair:6   | XOM: 7-stop teleportation journey
 15445 | Lair:6   | XOM: polymorph elephant -> swamp worm
 15527 | Lair:6   | XOM: polymorph blink frog -> ice beast
 15547 | Lair:6   | XOM: swap monsters
 15568 | Lair:6   | Killed Josephine
 15569 | Lair:6   | Gained mutation: You are surrounded by a mild repulsion
                  | field. (EV +2) [demonic ancestry]
 15569 | Lair:6   | Reached XP level 14. HP: 96/99 MP: 14/14
 15623 | Lair:6   | XOM: enchant monster (bad)
 15633 | Lair:6   | XOM: chaos cloud
 15642 | Lair:6   | XOM: swap monsters
 15677 | Lair:6   | XOM: blink monster(s)
 15706 | Lair:6   | Reached skill level 18 in Unarmed Combat
 15824 | Lair:6   | XOM: cast spell 'Olgreb's Toxic Radiance'
 15843 | Lair:6   | XOM: blink monster(s)
 15852 | Lair:6   | XOM: enchant monster (bad)
 15912 | Lair:6   | XOM: swap monsters
 15914 | Lair:6   | XOM: blink monster(s)
 15957 | Lair:6   | XOM: scenery: summon butterflies
 15984 | Lair:6   | XOM: blink monster(s)
 16060 | Lair:6   | XOM: 2-stop teleportation journey
 16072 | Lair:6   | XOM: polymorph blink frog -> fire bat
 16187 | Lair:6   | XOM: polymorph blink frog -> bullfrog
 16325 | Lair:6   | XOM: give mutation
 16325 | Lair:6   | Lost mutation: You are frail. (-10% HP) [Xom's mischief]
 16365 | Lair:6   | XOM: summons 8 hostile demons
 16448 | Lair:6   | XOM: chaos cloud
 16469 | Lair:6   | XOM: summons 8 hostile demons
 16480 | Lair:5   | HP: 4/110 [tyrant leech (11)]
 16485 | Lair:5   | XOM: silly message
 16514 | Lair:5   | XOM: stat loss: -1 Dex (15/16)
 16615 | Lair:6   | XOM: summons 8 hostile demons
 16866 | Lair:5   | XOM: give mutations
 16866 | Lair:5   | Lost mutation: You sometimes lose the ability to read
                  | scrolls when taking damage. [Xom's mischief]
 16866 | Lair:5   | Lost mutation: You are agile. (Dex +2) [Xom's mischief]
 16866 | Lair:5   | Gained mutation: Potions are less effective at restoring
                  | your health. [Xom's mischief]
 16866 | Lair:5   | Lost mutation: Your flesh is very cold resistant. (rC++)
                  | [Xom's mischief]
 16904 | Lair:1   | XOM: stat loss: -1 Int (12/13)
 16995 | D:9      | Bought the ring of Neross {rF+ rC+ rCorr Dex+4} for 592
                  | gold pieces
 17075 | D:11     | XOM: draining
 17112 | D:11     | XOM: polymorph boulder beetle -> spark wasp
 17127 | D:11     | HP: 3/98 [spark wasp (6)]
 17127 | D:11     | Slain by a spark wasp

Illustrated notes

Levels and vault maps discovered:
D:1:      onia_arrival_mini_maze_b, layout_loops_cross, basic_ecumenical_altar,
          minmay_rat_gold_closets
D:2:      layout_rooms, nrook_uturn, uniq_sigmund
D:3:      kennysheep_goblin_castle, layout_basic, dancing_weapons_uskayaw,
          kiku_gazebo_pond_becter, nicolae_ashenzari_skybound
D:4:      layout_basic, elyvilon_altar_3, mainiacjoe_overflow_24_doors,
          mainiacjoe_overflow_tiny_flanked, temple_statues, uniq_robin
D:5:      layout_rooms, fedhas_altar_2, gup_sewer_entry_bubbles, minivault_19
D:6:      layout_gridville, mainiacjoe_overflow_alcove_2,
          kennysheep_flooded_box, uniq_edmund
D:7:      layout_rooms, kb_lookout_dungeons_type, uniq_harold
D:8:      layout_rooms, kennysheep_mini_moat, marbit_many_paths, st_stairs_2,
          uniq_gastronok
D:9:      layout_loops_ring, grunt_temple_overflow_lords_of_destruction,
          lair_entry_dummy, serial_shops, shop
D:10:     layout_loops_corners, nzn_wu_jian_contemplation, orc_0_dummy,
          special_room [special_room_kobold], nicolae_benzene_ring, st_stairs_3
D:11:     layout_rooms, serial_shops, shop, hangedman_decor_diamond_cutter
Lair:1:   layout_regular_city, st_stairs_4, uniq_erica
Lair:2:   layout_chaotic_city
Lair:3:   layout_hall_layers, palyth_hydra_swamp_entry, special_room
          [special_room_bee], nicolae_volcano_entry_lava_flow,
          infiniplex_staircase_pool
Lair:4:   layout_big_grid, guppyfry_snake_entry_garden
Lair:5:   layout_roguey [special_room_mythical_zoo], slime_altar_1,
          chequers_serial_rivers_large_b
Lair:6:   minmay_lair_end_frog_pond, layout_long_grid, uniq_josephine

Skill      XL: |  1  2  3  4  5  6  7  8  9 10 11 12 13 14 |
---------------+-------------------------------------------+-----
Unarmed Combat | 3 4 5 6 7 8 11 13 14 15 16 17 18 | 18.7
Armour         | 3 5 |  5.0
Dodging        | 2 5 7 |  7.0
Fighting       | 4 7 9 10 | 10.3
Evocations     | 1 5 8 9 |  9.0

Action                   |  1- 3 |  4- 6 |  7- 9 | 10-12 | 13-15 || total
-------------------------+-------+-------+-------+-------+-------++-------
Melee: Unarmed           |   168 |   120 |   204 |   445 |   600 ||  1537
       Punch             |     5 |     3 |     9 |    36 |    56 ||   109
       Kick              |    33 |    25 |    60 |   126 |   218 ||   462
       Headbutt          |       |     7 |    33 |    93 |    17 ||   150
Throw: Dart              |       |    23 |    37 |    40 |     2 ||   102
Evoke: Wand              |       |       |     4 |    11 |     1 ||    16
       Tin of tremorston |       |       |       |     1 |     2 ||     3
  Use: Scroll            |     1 |     1 |     2 |    13 |     4 ||    21
       Potion            |       |     1 |       |     1 |     1 ||     3
 Stab: Sleeping          |     1 |     4 |     2 |    10 |     9 ||    26
       Distracted        |       |       |     1 |       |       ||     1
       Paralysed         |       |       |     2 |       |       ||     2
       Confused          |       |       |       |     9 |     3 ||    12
       Invisible         |       |       |       |     5 |       ||     5
Armor: Leather armour    |    57 |    44 |       |       |       ||   101
       Skin              |       |     1 |       |       |       ||     1
       Troll leather arm |       |       |    48 |    90 |   104 ||   242
Dodge: Dodged            |   108 |    63 |   120 |   258 |   355 ||   904

Table legend: (Time is in decaauts)
 A = Elapsed time spent in this place.
 B = Non-inter-level travel time spent in this place.
 C = Inter-level travel time spent in this place.
 D = Time resting spent in this place.
 E = Time spent auto-exploring this place.
 F = Levels seen in this place.
 G = Mean time per level.
                   A        B        C        D        E       F      G
               +--------+--------+--------+--------+--------+-----+--------+
         Total |  16838 |  15672 |   1166 |    819 |  10457 |  19 |  886.2 |
       Dungeon |  10433 |   9598 |    835 |    664 |   6661 |  11 |  948.5 |
          Lair |   5889 |   5559 |    330 |    124 |   3530 |   6 |  981.5 |
         Sewer |    310 |    310 |      0 |      0 |    222 |   1 |  310.0 |
       Volcano |    205 |    205 |      0 |     31 |     43 |   1 |  205.0 |
               +--------+--------+--------+--------+--------+-----+--------+

Top non-repeatable levels by time:
     D:1: 1632 daAuts
  Lair:6: 1373 daAuts
     D:3: 1340 daAuts
  Lair:5: 1333 daAuts
    D:10: 1210 daAuts
     D:6: 1011 daAuts
     D:7: 999 daAuts
  Lair:3: 961 daAuts
     D:4: 925 daAuts
     D:9: 864 daAuts
  Lair:2: 841 daAuts
  Lair:1: 813 daAuts
     D:2: 812 daAuts
     D:5: 758 daAuts
     D:8: 592 daAuts
